 Dungeon Crawl Stone Soup version 0.17.1-3-g152610e (webtiles) character file.

531 manyhoops the Covert (level 7, -1/45 HPs)
             Began as an Octopode Assassin on Apr 7, 2016.
             Killed by nerve-wracking pain
             ... invoked by an orc priest
              (14 damage)
             ... on level 4 of the Dungeon.
             The game lasted 00:14:19 (3158 turns).

manyhoops the Covert (Octopode Assassin)            Turns: 3158, Time: 00:14:20

Health: -1/45      AC:  1    Str: 10    XL:     7   Next: 24%
Magic:  7/7        EV: 12    Int: 13    God:
Gold:   171        SH:  0    Dex: 16    Spells: 0 memorised, 6 levels left

rFire  . . .     SeeInvis .     a - +2 dagger
rCold  . . .     Clarity  .     (no shield)
rNeg   . . .     SustAt   .     (helmet restricted)
rPois  .         Gourm    .     (no amulet)
rElec  .         Spirit   .     (no ring)
rCorr  .         Warding  .     (no ring)
rMut   .         Stasis   .     (no ring)
MR     .....                    (no ring)
Stlth  +++++++...               (no ring)
                                (no ring)
                                (no ring)
                                (no ring)

@: not resistant to hostile enchantments, extremely stealthy
A: almost no armour, amphibious, 8 rings, constrict 8, camouflage 1, gelatinous
body 1
a: no special abilities


You were on level 4 of the Dungeon.
You were not hungry.

You visited 1 branch of the dungeon, and saw 4 of its levels.

You collected 213 gold pieces.
You spent 42 gold pieces at shops.

Inventory:

Hand Weapons
 a - a +2 dagger (weapon)
 b - a +0 blowgun
Missiles
 c - 22 poisoned needles
 d - 2 curare-tipped needles
Jewellery
 y - an uncursed ring of teleportation
Wands
 B - a wand of confusion (28)
Scrolls
 g - a scroll of enchant armour
 j - a scroll of fog
 k - 7 scrolls of remove curse
 l - a scroll of fear
 n - a scroll of enchant weapon {unknown}
 p - a scroll of immolation {unknown}
 q - a scroll of noise
 r - a scroll of amnesia {unknown}
 s - a scroll of blinking {unknown}
Potions
 f - a potion of might {unknown}
 m - 2 potions of mutation
 o - 2 potions of heal wounds {unknown}
 u - a potion of berserk rage {unknown}
 v - a potion of flight {unknown}
 w - a potion of ambrosia {unknown}
 x - a potion of curing
 z - a potion of haste {unknown}
 A - a potion of brilliance {unknown}
Comestibles
 e - 2 bread rations
 h - a beef jerky
 i - 4 meat rations
 t - a slice of pizza


   Skills:
 - Level 2.3 Fighting
 - Level 2.0 Short Blades
 - Level 2.0 Throwing
 - Level 1.0 Dodging
 * Level 11.5 Stealth


You had 6 spell levels left.
You didn't know any spells.

Dungeon Overview and Level Annotations

Branches:
Dungeon (4/15)
 Temple: D:4-7

Altars:
Fedhas
Okawaru
Sif Muna
Zin

Shops:
D:4 !

Annotations:
D:2 Sigmund


Innate Abilities, Weirdness & Mutations

You cannot wear most types of armour.
You are amphibious.
You can wear up to eight rings at the same time.
You can use your tentacles to constrict eight enemies at once.
Your skin changes colour to match your surroundings (Stealth).
Your rubbery body absorbs attacks (AC +1).


Message History

The orc priest is lightly wounded.
You constrict the orc priest. The orc priest barely misses you.
You hit the orc priest.
The orc priest is moderately wounded.
You constrict the orc priest. The orc wizard casts a spell at you.
The puff of flame hits you! The orc priest barely misses you.
You hit the orc priest. You squeeze the orc priest.
The orc priest is heavily wounded.
You constrict the orc priest. The orc wizard casts a spell at you.
The magic dart hits you!
* * * LOW HITPOINT WARNING * * *
The orc priest looks braver for a moment.
The orc completely misses you.
The orc falls through a shaft!
The shaft crumbles and collapses.
You release your grip on the orc priest.
The orc priest invokes the aid of Beogh against you.
Pain shoots through your body!
You die...

#.# #[######
##......# ##..####.#
##.....## #
##...#...#..#
#########...###...# #
#...............†...#
####@..#.).).#...#
#..##.._..##..#
#..o#o).).#...#
#..oZo...... ##
#...o.###...#
##...?.#...##
##...... ## ########


You could see 2 orc priests, an orc wizard, an orc and a giant cockroach zombie.

Vanquished Creatures
  2 ogres (D:4)
  An orc priest (D:3)
  A worker ant (D:4)
  An orc wizard (D:4)
  Ijyb (D:2)
  Terence (D:2)
  Natasha (thrice) (D:3)
  An iguana (D:4)
  A hound (D:4)
  Robin (D:2)
  3 adders
  An ooze (D:4)
  4 worms (D:2)
  5 giant geckos
  4 orcs
  8 bats
  3 giant cockroaches
  18 goblins
  9 hobgoblins
  8 kobolds
  3 quokkas
  A ball python (D:3)
  5 giant newts
  5 rats
90 creatures vanquished.

Notes
Turn   | Place    | Note
--------------------------------------------------------------
     0 | D:1      | manyhoops the Octopode Assassin began the quest for the Orb.
     0 | D:1      | Reached XP level 1. HP: 14/14 MP: 1/1
   267 | D:1      | Reached XP level 2. HP: 19/19 MP: 2/2
   300 | D:1      | Reached skill level 6 in Stealth
   499 | D:2      | Noticed Sigmund
   597 | D:2      | Noticed Ijyb
   614 | D:2      | Killed Ijyb
   614 | D:2      | Reached skill level 7 in Stealth
   614 | D:2      | Reached XP level 3. HP: 18/24 MP: 3/3
   617 | D:2      | Noticed Terence
  1093 | D:2      | Killed Terence
  1093 | D:2      | Reached XP level 4. HP: 18/29 MP: 4/4
  1122 | D:2      | Noticed Robin
  1136 | D:2      | Reached skill level 8 in Stealth
  1236 | D:2      | Killed Robin
  1655 | D:3      | Noticed Natasha
  1690 | D:3      | Killed Natasha
  1690 | D:3      | Reached XP level 5. HP: 32/35 MP: 5/5
  1772 | D:3      | Noticed Natasha
  1805 | D:3      | Killed Natasha
  1845 | D:3      | Found a deep blue altar of Sif Muna.
  1961 | D:3      | Reached skill level 9 in Stealth
  2162 | D:3      | Noticed Natasha
  2171 | D:3      | Killed Natasha
  2322 | D:2      | Reached XP level 6. HP: 40/40 MP: 6/6
  2605 | D:4      | Found Zaptepan's Distillery.
  2609 | D:4      | Bought a potion of curing for 42 gold pieces
  2753 | D:4      | Reached skill level 10 in Stealth
  2775 | D:4      | Found a blossoming altar of Fedhas.
  2804 | D:4      | Found a glowing silver altar of Zin.
  3080 | D:4      | Reached skill level 11 in Stealth
  3080 | D:4      | Reached XP level 7. HP: 24/45 MP: 7/7
  3142 | D:4      | Found an iron altar of Okawaru.
  3158 | D:4      | Killed from afar by an orc priest

Action                   |  1- 3 |  4- 6 |  7- 9 || total
-------------------------+-------+-------+-------++-------
Melee: Dagger            |    57 |   144 |    10 ||   211
Evoke: Wand              |       |     1 |       ||     1
  Use: Scroll            |     4 |     4 |       ||     8
       Potion            |       |     1 |       ||     1
 Stab: Sleeping          |     8 |    14 |     2 ||    24
       Distracted        |       |     1 |       ||     1
       Confused          |       |     1 |       ||     1
  Eat: Chunk             |       |     2 |       ||     2
       Meat ration       |       |     1 |       ||     1
